 Dungeon Crawl Stone Soup version 0.24-a0-439-g6dd8730de2 (webtiles) character file.

Game seed: 511265074075807720

541506 tsouns the Imperceptible (level 25, -2/160 HPs)
             Began as a Vampire Assassin on June 13, 2019.
             Was an Initiate of Gozag.
             Killed by divine providence
             ... invoked by a deep elf high priest
              (14 damage)
             ... on level 5 of the Vaults on June 18, 2019.
             The game lasted 03:47:06 (62081 turns).

tsouns the Imperceptible (Vampire Assassin)        Turns: 62081, Time: 03:47:08

Health: -2/160     AC: 37    Str: 13    XL:     25   Next: 27%
Magic:  35/35      EV: 20    Int: 20    God:    Gozag
Gold:   11900      SH: 18    Dex: 18    Spells: 14/40 levels left

rFire    + + +     SeeInvis +   y - +13 Maxwell's thermic engine {flame, freeze}
rCold    + + .     Gourm    .   L - +2 shield {AC+3}
rNeg     + + +     Faith    .   h - +8 shadow dragon scales
rPois    ∞         Spirit   .   (helmet restricted)
rElec    +         Reflect  +   m - +2 cloak {MR+}
rCorr    .         Harm     .   F - +1 pair of gloves
MR       +++..                  B - +2 pair of boots of the Assassin {Detection Stab+ Stlth++}
Stlth    ++++++++++             e - +2 amulet of reflection
HPRegen  0.00/turn              H - ring "Gija" {rF++ EV+5}
MPRegen  0.24/turn              O - ring of Ridechan {rElec Stlth+}

@: gold aura, bloodless, regenerating quickly
A: no food, fangs 3, horns 1, see invisible, fire resistance 1, unbreathing
}: 2/15 runes: serpentine, barnacled
a: Bat Form, Revivify, Potion Petition, Call Merchant, Bribe Branch, Renounce
Religion


You were on level 5 of the Vaults.
You worshipped Gozag.
Gozag was extremely pleased with you.
You were bloodless.

You visited 7 branches of the dungeon, and saw 41 of its levels.
You visited the Abyss 2 times.
You also visited: Ice Cave and Volcano.

You collected 26600 gold pieces.
You spent 4344 gold pieces at shops.
You paid 10356 gold pieces to Gozag.

Inventory:

Hand Weapons
 y - the +13 Maxwell's thermic engine (weapon) {flame, freeze}
   (You bought it in a shop on level 5 of the Dungeon)

   It has been specially enchanted to burn those struck by it, causing extra
   injury to most foes and up to half again as much damage against particularly
   susceptible opponents.
   Big, fiery blades are also staple armaments of hydra-hunters.
   It has been specially enchanted to freeze those struck by it, causing extra
   injury to most foes and up to half again as much damage against particularly
   susceptible opponents.
Missiles
 p - 7 throwing nets
 S - 15 curare-tipped darts
 W - 15 silver javelins (quivered)
Armour
 h - +8 shadow dragon scales (worn)
 m - a +2 cloak of magic resistance (worn)
 x - the +0 cloak of Syndicalism {+Blink rElec Dex+3}
   (You found it on level 5 of the Dungeon)

   It affects your dexterity (+3).
   It insulates you from electricity.
   It lets you blink.
 B - the +2 pair of boots of the Assassin (worn) {Detection Stab+ Stlth++}
   (You bought it in a shop on level 2 of the Orcish Mines)

   It makes you much more stealthy.
 F - a +1 pair of gloves (worn)
 L - a +2 shield of protection (worn)
Jewellery
 e - a +2 amulet of reflection (around neck)
 q - an uncursed ring of resist corrosion
 H - the ring "Gija" (left hand) {rF++ EV+5}
   (You found it on level 12 of the Dungeon)

   [ring of evasion]

   It affects your evasion (+5).
   It greatly protects you from fire.
 O - the ring of Ridechan (right hand) {rElec Stlth+}
   (You acquired it on level 3 of the Depths)

   [ring of stealth]

   It insulates you from electricity.
   It makes you more stealthy.
Wands
 c - a wand of iceblast (10)
 f - a wand of digging (18)
 i - a wand of paralysis (31)
 N - a wand of scattershot (8)
 T - a wand of polymorph (27)
Scrolls
 a - a scroll of summoning
 b - 3 scrolls of magic mapping
 d - 3 scrolls of fog
 j - 3 scrolls of blinking
 k - 19 scrolls of remove curse
 l - 15 scrolls of teleportation
 t - 2 scrolls of torment
 D - 4 scrolls of enchant weapon
 I - 7 scrolls of fear
 R - 5 scrolls of identify
 V - 4 scrolls of immolation
 X - 3 scrolls of brand weapon
 Y - a scroll of silence
Potions
 o - 4 potions of magic
 u - 3 potions of resistance
 v - 10 potions of ambrosia
 z - 5 potions of brilliance
 A - 10 potions of mutation
 G - 10 potions of curing
 P - 3 potions of cancellation
Miscellaneous
 g - a lamp of fire (inert)
 r - a fan of gales
 s - a phial of floods
 w - 2 sacks of spiders
 K - a lightning rod (4/4)
 M - 2 phantom mirrors


   Skills:
 + Level 17.1 Fighting
   Level 5.5(12.5) Short Blades
 - Level 15.7(16.0) Long Blades
 + Level 12.8 Throwing
 + Level 13.9 Armour
 + Level 17.4 Dodging
 + Level 24.1 Stealth
 - Level 15.2 Shields
 + Level 8.2 Spellcasting
 + Level 13.4 Hexes
 - Level 11.0 Evocations


You had 14 spell levels left.
You knew the following spells:

 Your Spells              Type           Power        Failure   Level  Hunger
a - Poisonous Vapours     Pois/Air       #.....       83%         2    N/A
b - Mephitic Cloud        Conj/Pois/Air  #.......     97%         3    N/A
c - Conjure Flame         Conj/Fire      #.......     97%         3    N/A
d - Aura of Abjuration    Summ           #.........   100%        5    N/A
e - Summon Butterflies    Summ           #.......     71%         1    N/A
f - Tukima's Dance        Hex            ######..     1%          3    N/A
g - Invisibility          Hex            ######..     52%         6    N/A
h - Apportation           Tloc           #.....       71%         1    N/A
i - Blink                 Tloc           N/A          83%         2    N/A

Your spell library contained the following spells:

 Spells                   Type           Power        Failure   Level  Hunger
 Dazzling Spray           Conj/Hex       #####.       19%         3    N/A
 Fulminant Prism          Conj/Hex       #####.....   54%         4    N/A
 Leda's Liquefaction      Hex/Erth       #####.....   54%         4    N/A
 Beastly Appendage        Tmut           #.....       71%         1    N/A
 Freeze                   Ice            #...         71%         1    N/A
 Magic Dart               Conj           #...         71%         1    N/A
 Sandblast                Erth           #.....       71%         1    N/A
 Passwall                 Tmut/Erth      #.......     83%         2    N/A
 Searing Ray              Conj           #.....       83%         2    N/A
 Shroud of Golubria       Chrm/Tloc      #.....       83%         2    N/A
 Sticks to Snakes         Tmut           #.......     83%         2    N/A
 Throw Frost              Conj/Ice       #.....       83%         2    N/A
 Metabolic Englaciation   Hex/Ice        #####.....   87%         5    N/A
 Summon Mana Viper        Hex/Summ       #####...     87%         5    N/A
 Call Canine Familiar     Summ           #.......     97%         3    N/A
 Gell's Gravitas          Tloc           #.........   97%         3    N/A
 Lesser Beckoning         Tloc           #.........   97%         3    N/A
 Ozocubu's Armour         Chrm/Ice       #.......     97%         3    N/A
 Recall                   Summ/Tloc      N/A          97%         3    N/A
 Spider Form              Tmut/Pois      #.........   97%         3    N/A
 Static Discharge         Conj/Air       #.......     97%         3    N/A
 Stone Arrow              Conj/Erth      #.....       97%         3    N/A
 Teleport Other           Tloc           #.......     97%         3    N/A
 Animate Dead             Necr           N/A          100%        4    N/A
 Force Lance              Conj/Tloc      #.......     100%        4    N/A
 Ice Form                 Ice/Tmut       #.......     100%        4    N/A
 Iskenderun's Mystic Bla  Conj           #.......     100%        4    N/A
 Passage of Golubria      Tloc           N/A          100%        4    N/A
 Petrify                  Tmut/Erth      #.......     100%        4    N/A
 Summon Ice Beast         Ice/Summ       #.......     100%        4    N/A
 Throw Icicle             Conj/Ice       #.......     100%        4    N/A
 Alistair's Intoxication  Tmut/Pois      #.......     100%        5    N/A
 Blade Hands              Tmut           #.........   100%        5    N/A
 Bolt of Magma            Conj/Fire/Erth #.........   100%        5    N/A
 Borgnjor's Vile Clutch   Necr/Erth      #.........   100%        5    N/A
 Lee's Rapid Deconstruct  Erth           #.........   100%        5    N/A
 Lightning Bolt           Conj/Air       #.........   100%        5    N/A
 Summon Demon             Summ           #.........   100%        5    N/A
 Summon Forest            Summ/Tloc      #.........   100%        5    N/A
 Bolt of Cold             Conj/Ice       #.........   100%        6    N/A
 Death Channel            Necr           #.........   100%        6    N/A
 Dispersal                Tloc           #.........   100%        6    N/A
 Freezing Cloud           Conj/Ice/Air   #.........   100%        6    N/A
 Iron Shot                Conj/Erth      #.........   100%        6    N/A
 Ozocubu's Refrigeration  Ice            #.........   100%        6    N/A
 Shadow Creatures         Summ           N/A          100%        6    N/A
 Simulacrum               Ice/Necr       #.........   100%        6    N/A
 Statue Form              Tmut/Erth      #........    100%        6    N/A
 Ring of Flames           Chrm/Fire      #.........   100%        7    N/A
 Summon Hydra             Summ           #.........   100%        7    N/A
 Ignition                 Fire           #.........   100%        8    N/A
 Shatter                  Erth           #.........   100%        9    N/A
 Tornado                  Air            #.........   100%        9    N/A

Dungeon Overview and Level Annotations

Branches:
Dungeon (15/15)            Temple (0/1) D:7            Lair (6/6) D:11
 Shoals (4/4) Lair:2        Snake (4/4) Lair:3        Slime (0/5) Lair:6
    Orc (2/2) D:9             Elf (0/3) Orc:2        Vaults (5/5) D:13
  Crypt (0/3) Vaults:2     Depths (5/5) D:15            Zot (0/5) Depths:5

Altars:
Ashenzari
Cheibriados
Dithmenos
Fedhas
Gozag
Makhleb
Nemelex Xobeh
Okawaru
Sif Muna
Vehumet
Wu Jian
Yredelemnul
Beogh
Jiyva
Lugonu

Shops:
D:5 (   D:15 [   Orc:2 ([:[:   Shoals:1 %   Snake:3 %!*(   Vaults:1 [(
Vaults:2 :   Vaults:3 *   Depths:3 [   Depths:4 [[

Portals:
Hell: Depths:1 Depths:2 Depths:3 Depths:4 Depths:5
Abyss: Depths:1 Depths:2 Depths:4
Pandemonium: Depths:3 Depths:4
Ziggurat: Depths:3

Annotations:
Lair:2 exclusion: 4 oklob plants
Shoals:3 Ilsuiw


Innate Abilities, Weirdness & Mutations

You do not eat.
You do not regenerate when monsters are visible.
You are frail without blood (-20% HP).
You are immune to poison.
You have razor-sharp teeth.
You have supernaturally acute eyesight. (SInv)
You can survive without breathing.
You have a pair of small horns on your head.
Your flesh is heat resistant. (rF+)


Message History

The silver javelin pierces through the ogre!!
You kill the ogre!
The silver javelin pierces through the deep elf high priest.
The silver sears the deep elf high priest!
The deep elf high priest is lightly wounded.
The deep elf high priest mumbles some strange prayers.
The deep elf high priest invokes the aid of its god against you.
The sphere of damnation explodes!
The damnation engulfs you!!
* * * LOW HITPOINT WARNING * * *
You hear a shout!
You hear a horrible gurgling sound!
You hear a shout! x2
Unknown command. [a] - 308 gold - curing and magic [b] - 351 gold - resistance and flight [c] - 224 gold - might and agility Purchase which effect?
You feel better. Magic courses through your body.
The deep elf high priest invokes the aid of its god against you.
Something smites you!
You die...
Your body crumbles into a pile of gold.

...#....#...
#..........
##........#######
........p........
$
.....<<..........
Z...<.)<).{...{{{
{
.Z.p.<<)$Z.......
##...$).$)######
Z....$)$$$$###@#
##.#e..!#$$$#$##
# #.p{{##.#$$.#
#....#.###e#c..#
#...e#. $###.#..
#.e..#. $ ## #..
## #$ (# $ $ $


You could see a deep elf high priest.

Vanquished Creatures
  A juggernaut (Depths:2)
  Saint Roka (Depths:3)
  Bai Suzhen (Depths:1)
  Margery (Vaults:2)
  Xtahua (Depths:3)
  6 caustic shrikes
  Nikola (Shoals:3)
  the Enchantress (Depths:4)
  8 golden dragons
  Jory (Vaults:2)
  5 tentacled monstrosities
  Jorgrun (D:12)
  An Ice Fiend (Depths:2)
  3 titans
  7 liches
  Frances (D:14)
  2 sphinxes (Vaults:4)
  Polyphemus (Shoals:3)
  6 shadow dragons
  2 krakens
  9 tengu reavers
  8 nagarajas
  Donald (Vaults:4)
  3 storm dragons
  A deep elf sorcerer (Vaults:1)
  4 fire giants
  4 draconian monks
  A frost giant (shapeshifter) (Depths:4)
  An orc warlord (Vaults:4)
  2 iron dragons
  14 frost giants
  12 vault wardens
  A draconian shifter (Depths:5)
  A cacodemon (Depths:3)
  Aizul (Snake:3)
  5 spriggan defenders
  20 ironheart preservers
  2 war gargoyles
  16 stone giants
  26 very ugly things
  A deep elf annihilator (Vaults:5)
  2 vampire knights
  5 entropy weavers
  2 black draconians
  7 purple draconians
  4 deep elf demonologists
  A green draconian (Depths:5)
  A dire elephant (Lair:6)
  5 white draconians
  7 spark wasps
  7 red draconians
  Snorg (D:11)
  A crystal guardian (Vaults:4)
  3 merfolk javelineers
  A deep elf death mage (Vaults:1)
  14 fire dragons
  10 merfolk impalers
  2 deep elf high priests (Depths:4)
  9 great orbs of eyes
  12 yaktaur captains
  Fannar (D:11)
  27 vault guards
  11 ettins
  22 ogre magi
  5 hydras
  8 rakshasas
  14 naga warriors
  2 catoblepae
  7 merfolk avatars
  A death knight (Vaults:4)
  11 centaur warriors
  5 anacondas
  18 ice dragons
  4 alligator snapping turtles
  2 satyrs
  10 spriggan air magi
  63 two-headed ogres
  6 deep troll shamans
  A queen ant (D:12)
  3 tengu warriors
  9 merfolk aquamancers
  10 deep troll earth magi
  5 orc high priests
  7 death yaks
  13 naga sharpshooters
  8 spriggan berserkers
  Sonja (D:12)
  Urug (Lair:2)
  10 shock serpents
  2 titan skeletons
  A soul eater (Depths:2)
  5 deep elf knights
  2 iron trolls
  5 skeletal warriors
  An unseen horror (Vaults:1)
  2 sixfirhies
  2 shadow wraiths (Vaults:4)
  4 salamander mystics
  19 sea snakes
  2 orange crystal statues
  2 death drakes (Depths:5)
  21 deep trolls
  An unseen horror (shapeshifter) (Vaults:4)
  4 wizards
  3 hell knights
  11 glowing orange brains
  4 lindwurms (Depths:5)
  6 naga ritualists
  A shadow dragon zombie (Vaults:5)
  6 flayed ghosts
  Pikel (D:7)
  A sphinx zombie (Vaults:3)
  12 ironbrand convokers
  7 deep elf archers
  38 harpies
  A phantasmal warrior (Vaults:1)
  7 necromancers
  2 harpies (shapeshifter)
  2 tengu zombies
  5 mana vipers
  15 orc knights
  3 orc sorcerers
  46 ugly things
  26 fauns
  2 shining eyes (shapeshifter)
  3 human zombies
  14 deep elf magi
  A wolf spider (Vaults:4)
  14 salamanders
  A faun (shapeshifter) (Depths:4)
  A salamander (shapeshifter) (Vaults:1)
  25 black mambas
  13 cyclopes
  9 manticores
  A centaur zombie (D:10)
  A stone giant skeleton (Vaults:2)
  Joseph (D:9)
  3 rust devils
  An elephant (Lair:6)
  7 merfolk sirens
  9 vault sentinels
  2 ice statues (Depths:2)
  7 water nymphs
  3 guardian serpents
  A torpor snail (shapeshifter) (Vaults:5)
  A molten gargoyle (Volcano)
  17 spiny frogs
  An orange demon (Depths:3)
  2 gargoyles
  30 naga magi
  A frost giant skeleton (Vaults:4)
  2 smoke demons
  9 rime drakes
  A centaur skeleton (D:14)
  70 yaktaurs
  3 ice devils
  10 freezing wraiths
  3 kobold demonologists
  5 komodo dragons
  An entropy weaver simulacrum (Vaults:2)
  2 yaktaurs (shapeshifter)
  A yaktaur skeleton (Vaults:4)
  5 hellwings (Depths:2)
  An ancient zyme (Abyss:2)
  6 red devils
  29 merfolk
  A tengu conjurer (Depths:5)
  8 trolls
  20 polar bears
  11 wind drakes
  8 hornets
  2 raiju (shapeshifter)
  32 slime creatures
  A blink frog (shapeshifter) (Depths:2)
  A meliai zombie (D:13)
  23 blink frogs
  2 hippogriffs (shapeshifter)
  2 dream sheep (shapeshifter)
  10 snapping turtles
  17 hippogriffs
  2 human simulacra (Vaults:3)
  A stone giant simulacrum (Vaults:2)
  4 redbacks
  A shadow (D:14)
  A tarantella (shapeshifter) (Vaults:3)
  A tarantella (Vaults:3)
  4 spriggans
  A wyvern (shapeshifter) (Depths:4)
  2 wyverns
  10 water elementals
  58 yaks
  5 wraiths
  3 hungry ghosts
  4 basilisks
  4 fire bats (Volcano)
  A yaktaur simulacrum (Vaults:1)
  4 humans (D:6)
  4 steam dragons (Shoals:2)
  3 vampire mosquitoes (D:14)
  2 swamp worms (shapeshifter)
  6 acid dragons
  9 soldier ants (D:12)
  2 wargs
  44 nagas
  Duvessa (D:7)
  30 water moccasins
  2 hell hounds (Volcano)
  9 porcupines
  A hornet zombie (D:14)
  3 swamp drakes (Depths:5)
  46 orc warriors
  A black bear (shapeshifter) (D:15)
  An ettin simulacrum (Vaults:3)
  7 black bears
  11 ice beasts
  5 phantoms
  2 slaves (D:7)
  An eye of draining (shapeshifter) (Vaults:1)
  4 sky beasts
  5 necrophages
  52 ogres
  10 boggarts
  18 centaurs
  26 wolves
  14 crocodiles
  16 bullfrogs
  2 big kobolds (D:13)
  Dowan (D:7)
  5 scorpions
  4 killer bees (D:11)
  2 howler monkeys
  18 wights
  10 crimson imps
  A jelly (shapeshifter) (Vaults:1)
  2 lava snakes
  5 quasits
  5 hounds
  3 bullfrog zombies
  A gnoll shaman (D:7)
  5 jellies
  A bullfrog skeleton (D:13)
  36 orc wizards
  45 orc priests
  An iguana (D:9)
  24 worker ants
  A hound zombie (D:11)
  9 gnolls
  3 worker ant zombies
  18 adders
  A river rat (D:6)
  2 shadow imps
  A white imp (Depths:3)
  3 ufetubi (Depths:3)
  An adder zombie (D:6)
  4 worms
  5 leopard geckos
  96 orcs
  5 giant cockroaches
  10 goblins
  7 hobgoblins
  4 jackals
  3 quokkas
  4 ball pythons
  4 bats
  5 frilled lizards
  11 kobolds
  7 rats
  A bush (D:13)
  2 plants
  7 tentacles
2116 creatures vanquished.

Vanquished Creatures (collateral kills)
  A merfolk (Shoals:1)
1 creature vanquished.

Vanquished Creatures (others)
  A stone giant (Vaults:2)
  A naga warrior (Snake:4)
  A yaktaur captain (Vaults:5)
  A centaur warrior (D:15)
  A satyr (Shoals:2)
  6 dancing weapons
  A naga sharpshooter (Snake:4)
  2 cyclopes
  2 naga magi
  6 yaktaurs
  A merfolk (Shoals:3)
  A redback (shapeshifter) (Depths:1)
  A slave (D:7)
  2 orc warriors (Vaults:1)
  A centaur (D:13)
  An adder (D:7)
  3 orcs
  A kobold (D:13)
  29 fungi
  17 plants
  32 tentacles
111 creatures vanquished.

Grand Total: 2228 creatures vanquished

Notes
Turn   | Place    | Note
-------+----------+-------------------------------------------
     0 | D:1      | tsouns the Vampire Assassin began the quest for the Orb.
     0 | D:1      | Reached XP level 1. HP: 16/16 MP: 1/1
    23 | D:1      | Reached skill level 6 in Stealth
   261 | D:1      | Reached XP level 2. HP: 17/17 MP: 2/2
   655 | D:2      | Reached skill level 7 in Stealth
   655 | D:2      | Reached XP level 3. HP: 12/21 MP: 3/3
   898 | D:2      | Reached XP level 4. HP: 18/26 MP: 4/4
  1141 | D:2      | Found an opulent altar of Gozag.
  1156 | D:2      | Became a worshipper of Gozag Ym Sagoz the Greedy
  1184 | D:2      | Found a faded altar of an unknown god.
  1655 | D:3      | You fall into a shaft and drop 1 floor!
  2118 | D:2      | Reached XP level 5. HP: 6/30 MP: 5/5
  2416 | D:3      | Reached skill level 8 in Stealth
  3291 | D:3      | Reached XP level 6. HP: 20/36 MP: 6/6
  3819 | D:4      | Reached skill level 5 in Short Blades
  4232 | D:4      | Reached skill level 9 in Stealth
  4747 | D:5      | Entered Level 5 of the Dungeon
  4775 | D:5      | Reached XP level 7. HP: 36/41 MP: 7/7
  4826 | D:5      | Got a fine cloak
  4842 | D:5      | Identified the cursed +0 cloak of Syndicalism {+Blink rElec
                  | Dex+3} (You found it on level 5 of the Dungeon)
  4959 | D:5      | Found a shadowy altar of Dithmenos.
  5008 | D:5      | Found Seqeohul's Weapon Shoppe.
  5011 | D:5      | Bought the +2 Maxwell's thermic engine {flame, freeze} for
                  | 484 gold pieces
  5011 | D:5      | Found the +2 Maxwell's thermic engine {flame, freeze}
  5110 | D:5      | Found a radiant altar of Vehumet.
  5152 | D:5      | Reached skill level 1 in Shields
  5232 | D:5      | Reached skill level 1 in Long Blades
  5834 | D:6      | Reached XP level 8. HP: 46/46 MP: 8/8
  5971 | D:6      | Found a deep blue altar of Sif Muna.
  6013 | D:6      | Reached skill level 5 in Long Blades
  6890 | D:6      | Reached XP level 9. HP: 51/51 MP: 9/9
  6938 | D:6      | Found a sparkling altar of Nemelex Xobeh.
  6946 | D:6      | Found an ornate altar of the Wu Jian Council.
  7217 | D:7      | Found a staircase to the Ecumenical Temple.
  7269 | D:7      | Noticed Duvessa
  7287 | D:7      | Killed Duvessa
  7484 | D:7      | Noticed Dowan
  7498 | D:7      | Killed Dowan
  7706 | D:7      | Found a shattered altar of Ashenzari.
  7833 | D:7      | Noticed Pikel
  7851 | D:7      | Killed Pikel
  8015 | D:7      | Learned a level 2 spell: Poisonous Vapours
  8019 | D:7      | Learned a level 3 spell: Mephitic Cloud
  8023 | D:7      | Learned a level 3 spell: Conjure Flame
  8105 | D:7      | Reached skill level 10 in Long Blades
  8227 | D:7      | Found a runed translucent door.
  8227 | D:7      | Found a burning altar of Makhleb.
  8229 | D:7      | Noticed a sixfirhy
  8232 | D:7      | Killed a sixfirhy
  8232 | D:7      | Reached skill level 10 in Stealth
  8232 | D:7      | Reached skill level 1 in Spellcasting
  8558 | D:8      | Reached XP level 10. HP: 41/56 MP: 12/12
  9068 | D:9      | Found a basalt altar of Yredelemnul.
  9152 | D:9      | Noticed Joseph
  9171 | D:9      | Killed Joseph
  9189 | D:9      | Found an iron altar of Okawaru.
  9301 | D:9      | Found a snail-covered altar of Cheibriados.
  9374 | D:9      | Found a staircase to the Orcish Mines.
  9386 | D:9      | Found a roughly hewn altar of Beogh.
  9570 | D:10     | Entered Level 10 of the Dungeon
  9594 | D:10     | Reached skill level 5 in Fighting
  9754 | D:10     | Reached skill level 5 in Dodging
 10107 | D:10     | Noticed a two-headed ogre
 10115 | D:10     | Killed a two-headed ogre
 10124 | D:10     | Noticed an orc knight
 10151 | D:10     | Killed an orc knight
 10151 | D:10     | Reached XP level 11. HP: 64/64 MP: 17/17
 10201 | D:10     | Got a heavily runed scale mail
 10304 | D:10     | Noticed a deep elf mage
 10306 | D:10     | Killed a deep elf mage
 10594 | D:10     | Identified the cursed +1 scale mail of Benevolence {Dex-5
                  | Slay+6} (You found it on level 10 of the Dungeon)
 10619 | D:11     | Noticed Snorg
 10631 | D:11     | Killed Snorg
 10824 | D:11     | Noticed Fannar
 10855 | D:11     | Killed Fannar
 11054 | D:11     | Found a staircase to the Lair.
 11103 | D:11     | Learned a level 5 spell: Aura of Abjuration
 11623 | Lair:1   | Entered Level 1 of the Lair of Beasts
 12002 | Lair:1   | Reached XP level 12. HP: 72/72 MP: 19/19
 12313 | Lair:2   | Found a staircase to the Shoals.
 12865 | Lair:2   | Noticed an eight-headed hydra
 12872 | Lair:2   | Killed a five-headed hydra
 12975 | Lair:2   | Noticed Urug
 12991 | Lair:2   | Killed Urug
 13940 | Lair:3   | Found a staircase to the Snake Pit.
 13981 | Lair:3   | Noticed a four-headed hydra
 13993 | Lair:3   | Killed a one-headed hydra
 14169 | Lair:3   | Reached XP level 13. HP: 31/80 MP: 15/20
 14836 | Lair:4   | Reached skill level 10 in Dodging
 15104 | Lair:4   | Found a frozen archway.
 15173 | IceCv    | Entered an ice cave
 15812 | IceCv    | Reached skill level 15 in Long Blades
 15954 | IceCv    | Noticed a frost giant
 15982 | IceCv    | Reached skill level 5 in Spellcasting
 15989 | IceCv    | Killed a frost giant
 16040 | IceCv    | Got encrusted storm dragon scales
 16058 | IceCv    | Identified the cursed +0 storm dragon scales of the Moon
                  | {rElec MR+ Slay+3} (You found it in an ice cave)
 16216 | Lair:4   | Reached skill level 10 in Fighting
 16584 | Lair:5   | Reached skill level 1 in Armour
 17203 | Lair:6   | Entered Level 6 of the Lair of Beasts
 17207 | Lair:6   | Reached XP level 14. HP: 88/88 MP: 21/21
 17336 | Lair:6   | Found a staircase to the Slime Pits.
 17337 | Lair:6   | Found a viscous altar of Jiyva.
 18816 | Orc:1    | Entered Level 1 of the Orcish Mines
 18958 | Orc:1    | Found an iron altar of Okawaru.
 19214 | Orc:2    | Entered Level 2 of the Orcish Mines
 19307 | Orc:1    | Found a dark tunnel.
 19409 | Volcano  | Entered a volcano
 19582 | Volcano  | Found a bloodstained altar of Trog.
 19610 | Volcano  | Reached skill level 5 in Shields
 19950 | Orc:2    | Found Uqul's Antique Weapon Shop.
 19956 | Orc:2    | Found a roughly hewn altar of Beogh.
 20039 | Orc:2    | Found a staircase to the Elven Halls.
 20669 | Orc:2    | Found Ruytet's Armour Emporium.
 20669 | Orc:2    | Found Faej's Book Emporium.
 20669 | Orc:2    | Found Utruiryu's Book Shoppe.
 20683 | Orc:2    | Found Eduidu's Armour Shoppe.
 20685 | Orc:2    | Bought the +2 pair of boots of the Assassin {Detection
                  | Stab+ Stlth++} for 780 gold pieces
 20685 | Orc:2    | Found the +2 pair of boots of the Assassin {Detection Stab+
                  | Stlth++}
 20687 | Orc:2    | Bought a book of Party Tricks for 750 gold pieces
 20700 | Orc:2    | Bought the +9 ring mail "Duinocw" {rPois} for 782 gold
                  | pieces
 21033 | D:12     | Noticed Sonja
 21040 | D:12     | Killed Sonja
 21130 | D:12     | Noticed an entropy weaver
 21130 | D:12     | Noticed an entropy weaver
 21144 | D:12     | Killed an entropy weaver
 21167 | D:12     | Reached XP level 15. HP: 73/96 MP: 22/22
 21274 | D:12     | Got a sparkling wooden ring
 21276 | D:12     | Identified the ring "Gija" {rF++ EV+5} (You found it on
                  | level 12 of the Dungeon)
 21462 | D:12     | Noticed Jorgrun
 21494 | D:12     | Killed Jorgrun
 21638 | D:12     | Learned a level 1 spell: Summon Butterflies
 21642 | D:12     | Learned a level 3 spell: Tukima's Dance
 21649 | D:12     | Learned a level 6 spell: Invisibility
 21651 | D:12     | Learned a level 1 spell: Apportation
 21774 | D:13     | Found a blossoming altar of Fedhas.
 21842 | D:13     | Reached skill level 1 in Hexes
 21927 | D:13     | Reached skill level 11 in Stealth
 22058 | D:13     | Found a gate to the Vaults.
 22866 | D:14     | Reached skill level 1 in Evocations
 23083 | D:14     | Reached skill level 12 in Stealth
 23370 | D:14     | Noticed Frances
 23373 | D:14     | You fall into a shaft and drop 1 floor!
 23373 | D:15     | Entered Level 15 of the Dungeon
 23447 | D:14     | Killed Frances
 23447 | D:14     | Reached skill level 5 in Hexes
 24234 | D:15     | Found a staircase to the Depths.
 24236 | D:15     | Reached XP level 16. HP: 103/103 MP: 23/23
 24372 | D:15     | Found the +12 glaive of Prune {chop}
 24643 | Snake:1  | Entered Level 1 of the Snake Pit
 24776 | Snake:1  | Reached skill level 13 in Stealth
 25568 | Snake:1  | Identified the +7 long sword of Wisdom {freeze, Str+3} (You
                  | found it on level 1 of the Snake Pit)
 26038 | Snake:2  | Reached skill level 14 in Stealth
 26115 | Snake:2  | Reached skill level 5 in Evocations
 26121 | Snake:2  | Identified the +2 falchion of Fedhas's Indignation {pain,
                  | Int+3 Dex+4} (You found it on level 2 of the Snake Pit)
 26726 | Snake:2  | You fall into a shaft and drop 1 floor!
 27109 | Snake:3  | Reached skill level 10 in Hexes
 27154 | Snake:3  | Found Issownud's Weapon Boutique.
 27154 | Snake:3  | Found Nuh Subb's Food Shop.
 27157 | Snake:3  | Found Xuyrasymu's Distillery.
 27159 | Snake:3  | Found Xudghudi's General Store.
 27161 | Snake:3  | Bought a potion of heal wounds for 105 gold pieces
 27161 | Snake:3  | Bought a potion of heal wounds for 105 gold pieces
 27161 | Snake:3  | Bought a potion of curing for 63 gold pieces
 27167 | Snake:3  | Bought a scroll of teleportation for 54 gold pieces
 27234 | Snake:3  | Identified a scroll of acquirement
 27593 | Snake:3  | Noticed Aizul
 27599 | Snake:3  | Killed Aizul
 28039 | Snake:4  | Entered Level 4 of the Snake Pit
 28216 | Shoals:1 | Entered Level 1 of the Shoals
 28373 | Shoals:1 | Noticed a kraken
 28462 | Shoals:1 | Reached skill level 15 in Stealth
 28689 | Shoals:1 | Reached XP level 17. HP: 97/108 MP: 25/25
 28711 | Shoals:1 | Found Leuvenen's Food Shop.
 28748 | Lair:2   | Reached skill level 10 in Shields
 28913 | Lair:2   | Upgraded the game from 0.24-a0-429-g4608c8fa30 to
                  | 0.24-a0-433-gbe6fa4f6cc
 29588 | Shoals:1 | Noticed a kraken
 29612 | Shoals:1 | Killed a kraken
 29612 | Shoals:1 | Reached skill level 5 in Armour
 30197 | Shoals:2 | Identified the +3 leather armour of Anarchy {rPois rC++}
                  | (You found it on level 2 of the Shoals)
 32486 | Shoals:3 | Noticed Nikola
 32504 | Shoals:3 | Killed Nikola
 33120 | Shoals:3 | Noticed Ilsuiw
 33252 | Shoals:3 | Noticed Polyphemus
 33282 | Shoals:3 | Killed Polyphemus
 33790 | Shoals:4 | Entered Level 4 of the Shoals
 34115 | Snake:4  | Reached XP level 18. HP: 107/113 MP: 26/26
 35180 | Snake:4  | Reached skill level 5 in Throwing
 35315 | Snake:4  | Upgraded the game from 0.24-a0-433-gbe6fa4f6cc to
                  | 0.24-a0-434-gd57e52fea8
 35477 | Snake:4  | Got a serpentine rune of Zot
 36041 | Shoals:4 | Identified the cursed +1 ring mail of Sif Muna's Generosity
                  | {rPois rC+ Int-3 SInv} (You found it on level 4 of the
                  | Shoals)
 36452 | Shoals:4 | Identified the Incunabulum of Dislocation and Battle Magic
 36968 | Shoals:4 | Got a barnacled rune of Zot
 37143 | Shoals:4 | Reached XP level 19. HP: 120/120 MP: 27/27
 37157 | Shoals:4 | Reached skill level 10 in Armour
 37746 | Vaults:1 | Entered Level 1 of the Vaults
 37752 | Vaults:1 | Bought a +1 helmet of intelligence for 330 gold pieces
 37752 | Vaults:1 | Bought a +0 cloak of invisibility for 230 gold pieces
 38355 | Vaults:1 | Identified the +8 short sword of Action {drain, Str+5 Dex+4
                  | SInv}
 38462 | Vaults:1 | Identified the +5 scale mail of Tartarus {Regen+} (You
                  | found it on level 1 of the Vaults)
 38645 | Vaults:1 | Reached skill level 16 in Stealth
 39359 | Vaults:1 | Cast into level 2 of the Abyss (a deep elf sorcerer)
 39620 | Abyss:3  | Found a corrupted altar of Lugonu.
 39671 | Vaults:1 | Escaped the Abyss
 39780 | Vaults:1 | Reached skill level 17 in Stealth
 39987 | Vaults:2 | Noticed Jory
 40566 | Vaults:2 | Upgraded the game from 0.24-a0-434-gd57e52fea8 to
                  | 0.24-a0-439-g6dd8730de2
 40608 | Vaults:2 | Reached skill level 18 in Stealth
 40636 | Vaults:2 | Killed Jory
 40636 | Vaults:2 | Reached skill level 15 in Shields
 40636 | Vaults:2 | Reached XP level 20. HP: 41/127 MP: 28/28
 41104 | Vaults:2 | Found Uhis's Book Shoppe.
 41646 | Vaults:2 | Reached skill level 19 in Stealth
 42190 | Vaults:2 | Found a staircase to the Crypt.
 42789 | Vaults:3 | Noticed Margery
 43111 | Vaults:2 | Killed Margery
 44022 | Vaults:3 | Found Erosy's General Store.
 44296 | Vaults:3 | Reached XP level 21. HP: 132/132 MP: 29/29
 44643 | Vaults:3 | Reached skill level 20 in Stealth
 45462 | Vaults:4 | Noticed Donald
 45479 | Vaults:4 | Killed Donald
 45558 | Vaults:4 | Reached skill level 15 in Fighting
 46541 | Depths:1 | Entered Level 1 of the Depths
 46816 | D:15     | Bought a +2 helmet of intelligence for 279 gold pieces
 47220 | Depths:1 | Paralysed by a great orb of eyes for 7 turns
 47770 | Depths:1 | Noticed Bai Suzhen
 47791 | Depths:1 | Killed Bai Suzhen
 47791 | Depths:1 | Reached skill level 15 in Dodging
 47791 | Depths:1 | Reached XP level 22. HP: 83/140 MP: 30/30
 48062 | Depths:1 | Reached skill level 21 in Stealth
 48245 | Depths:1 | Found a one-way gate to the infinite horrors of the Abyss.
 48307 | Depths:1 | Found a gateway to Hell.
 50130 | Depths:2 | Noticed a juggernaut
 50430 | Depths:2 | Killed a juggernaut
 51095 | Depths:2 | Found the +8 demon trident "Rift" {distort, reach+}
 51361 | Depths:2 | Reached skill level 10 in Throwing
 52418 | Depths:3 | Found a gateway to a ziggurat.
 52421 | Depths:3 | Noticed Xtahua
 52428 | Depths:3 | Killed Xtahua
 52476 | Depths:3 | You fall into a shaft and drop 2 floors!
 52476 | Depths:5 | Entered Level 5 of the Depths
 52525 | Depths:5 | Reached XP level 23. HP: 137/146 MP: 31/31
 52654 | Depths:3 | Noticed Saint Roka
 52662 | Depths:3 | Killed Saint Roka
 52700 | Depths:3 | Reached skill level 22 in Stealth
 52884 | Depths:3 | Reached skill level 10 in Evocations
 53143 | Depths:3 | Found a one-way gate leading to the halls of Pandemonium.
 53152 | Depths:3 | Gained mutation: You have a pair of small horns on your
                  | head. [a cacodemon]
 53158 | Depths:3 | Gained mutation: You occasionally shout uncontrollably at
                  | your foes. [a cacodemon]
 53180 | Depths:3 | Lost mutation: You occasionally shout uncontrollably at
                  | your foes. [potion of mutation]
 53180 | Depths:3 | Lost mutation: You have a pair of small horns on your head.
                  | [potion of mutation]
 53180 | Depths:3 | Gained mutation: You have a pair of small horns on your
                  | head. [potion of mutation]
 53180 | Depths:3 | Gained mutation: Your flesh is heat resistant. (rF+)
                  | [potion of mutation]
 53207 | Depths:3 | Found Osimew's Armour Boutique.
 53971 | Depths:3 | Got a shimmering cloak
 53982 | Depths:3 | Identified the +1 cloak of Nucoqur {rPois rC+++ Str-3} (You
                  | found it on level 3 of the Depths)
 54016 | Depths:3 | Got an ancient wooden ring
 54017 | Depths:3 | Identified the ring of Ridechan {rElec Stlth+} (You
                  | acquired it on level 3 of the Depths)
 54594 | Depths:4 | Found a corrupted altar of Lugonu.
 54703 | Depths:4 | Noticed a caustic shrike
 54705 | Depths:4 | Killed a caustic shrike
 55406 | Depths:4 | Identified the +2 faerie dragon scales {rElec rCorr}
 55406 | Depths:4 | Noticed the Enchantress
 56344 | Depths:4 | Noticed a caustic shrike
 56344 | Depths:4 | a shadow dragon changed into a caustic shrike
 56409 | Depths:4 | Reached XP level 24. HP: 154/154 MP: 31/31
 56725 | Depths:4 | Cast into level 2 of the Abyss (the Enchantress)
 56744 | Depths:4 | Escaped the Abyss
 56755 | Depths:4 | Killed the Enchantress
 57350 | Depths:5 | Reached skill level 23 in Stealth
 57410 | Depths:5 | Learned a level 2 spell: Blink
 61166 | Depths:4 | Bought an embroidered cloak for 382 gold pieces
 61277 | Depths:5 | Found a gate to the Realm of Zot.
 61798 | Vaults:5 | Entered Level 5 of the Vaults
 61905 | Vaults:5 | Reached XP level 25. HP: 117/160 MP: 34/34
 61989 | Vaults:5 | Reached skill level 24 in Stealth
 62080 | Vaults:5 | HP: 5/160 [deep elf high priest/damnation (28)]
 62081 | Vaults:5 | Killed from afar by a deep elf high priest

Levels and vault maps discovered:
D:1:      dpeg_arrival_simpleton_c, layout_rooms, minmay_heptomino_h4
D:2:      layout_basic, grunt_gozag_breadcrumbs, serial_forest,
          infiniplex_forest_end_2, infiniplex_forest_clump_small,
          infiniplex_forest_clump_C, infiniplex_forest_lined_room_,
          infiniplex_forest_lined_room_2, infiniplex_forest_lined_room_3,
          infiniplex_forest_clump_curved, chequers_ecumenical_altar_simple,
          minmay_statues_item, corexii_corridor_pit
D:3:      layout_basic
D:4:      layout_loops_cross, kennysheep_decorative_pillar
D:5:      layout_basic, vehumet_altar_wand_db, kennysheep_little_box,
          serial_shops, kennysheep_mini, first_ration
D:6:      layout_loops_ring, amethyst_overflow_temple_binary, basic_altar,
          portal_sewer_entry_b, minmay_ruffians
D:7:      cheibrodos_shockbox, layout_rooms, makhleb_heckhound_becter,
          lemuel_round_altar, minmay_temple_entry_glassed_door,
          kennysheep_potato, uniq_pikel, uniq_duvessa
D:8:      layout_rooms
D:9:      layout_rooms, gammafunk_temple_overflow_wave,
          minmay_orc_entry_temple_small, basic_altar, hangedman_fish_farm,
          uniq_joseph
D:10:     layout_irregular_city, kb_rosetta
D:11:     layout_cross, due_lair_maze_entry_diamond, uniq_snorg, uniq_fannar
D:12:     layout_loops_cross, minmay_another_anthill, uniq_jorgrun, uniq_sonja
D:13:     layout_loops_ring, erik_vaults_1, fedhas_bush_and_centaur_altar
D:14:     layout_loops_ring, serial_park_square1 [serial_park_minivault_5x5_4],
          uniq_frances
D:15:     grunt_enter_depths_snipers, layout_loops_ring,
          minmay_guarded_unrand_prune
Lair:1:   layout_regular_city
Lair:2:   cheibrodos_lair_river_kwai, layout_cave_pods,
          minmay_shoals_entry_beasts, minmay_lair_oklob_chamber, uniq_urug
Lair:3:   layout_concentric_octagons, minmay_snake_entry_six_corridors
Lair:4:   layout_long_grid, portal_ice_cave_demonic_guard, roderic_carrion_pond
Lair:5:   layout_roguey
Lair:6:   gammafunk_lair_ancient_temple, layout_long_grid, slime_altar_1,
          serial_bayou_shore_b, lemuel_fruit_fields, lemuel_fruit_fields
Shoals:1: layout_shoals, serial_shops, shop, st_cyclops
Shoals:2: layout_shoals, nicolae_shoals_drake_roost
Shoals:3: layout_shoals, uniq_ilsuiw, uniq_nikola, uniq_polyphemus
Shoals:4: shoals_end_simple, layout_shoals, shoal_ilsuiw,
          nicolae_shoals_loop_pool
Snake:1:  layout_cave_pods
Snake:2:  layout_chambers
Snake:3:  layout_chambers, minmay_shoptagon, serial_bayou_shore_b, uniq_aizul
Snake:4:  snake_pit, layout_misc_corridors
Orc:1:    layout_caves, enter_volcano_1, okawaru_metal_pillars_3
Orc:2:    st_orc_mages, layout_diamond_mine, serial_shops, shop, mines1_david
Vaults:1: nicolae_vaults_circle_grid_b, ontoclasm_vaults_fault,
          vaults_standard_mumra_x, st_octagons_2, ontoclasm_vaults_idyll,
          vaults_room_semicircle, nicolae_vaults_windows_and_doors_thing,
          ontoclasm_vaults_misaligned, vaults_room_stairs_pillars,
          nicolae_vaults_little_squares_5, v_misc_13, nicolae_vaults_what_the_h,
          layout_vaults_omnicross, serial_shops
Vaults:2: minmay_crypt_entry_simple_round, v_alt_pattern_2,
          ontoclasm_vaults_ligature, ontoclasm_vaults_idyll,
          ontoclasm_vaults_eye, v_misc_9, v_misc_3, vaults_dpeg_hooks,
          dpeg_vaults_monster_box, layout_vaults_quadrants, serial_shops, shop,
          uniq_jory
Vaults:3: nicolae_vaults_angled_halls, nicolae_vaults_rhombus_7,
          vaults_standard_mumra_lines, ontoclasm_vaults_ring_large,
          ontoclasm_vaults_chip, vaults_mumra_chevron_long, v_misc_27,
          v_rooms_4, v_misc_26, hangedman_vaults_nodes, layout_vaults_omnibox,
          serial_shops, shop, uniq_margery
Vaults:4: v_misc_1, hangedman_vaults_pinch, ontoclasm_vaults_ring_square,
          v_misc_22, hangedman_vaults_stretched_pinwheel,
          vaults_mumra_minichess, hangedman_vaults_stretched_pinwheel, v_misc_1,
          special_room_vaults [special_room_orc], v_misc_9,
          vaults_room_stairs_pillars, vaults_room_fours, layout_vaults_ring,
          uniq_donald
Vaults:5
Depths:1: layout_basic, hellmouth_1, abyss_entry, hangedman_decor_growths,
          grunt_ministairs_13, minivault_16, bh_walls_and_bars, uniq_bai_suzhen
Depths:2: minmay_nested_s, layout_small_grid, abyss_entry, hellmouth_3,
          ice2_lemuel, infiniplex_staircase_pool_2
Depths:3: cheibrodos_leafed_vault, layout_basic, enter_ziggurat_b, serial_shops,
          shop, small_statue_intersection, hangedman_coc_ice_floe,
          grunt_pan_entry_sceptre, uniq_xtahua, uniq_saint_roka
Depths:4: minmay_three_patterns, layout_cave_shapes, pan_entry,
          abyss_entry_flame_altar, grunt_hell_entry_dis_old, minivault_16,
          uniq_enchantress
Depths:5: lemuel_castle_with_subvaults [lemuel_castle_interior_original],
          layout_gridville, hangedman_tar_grid_catacomb,
          minmay_tree_intersection

Skill      XL: |  1  2  3  4  5  6  7  8  9 10 11 12 13 14 15 16 17 18 19 20 21 22 23 24 25 |
---------------+----------------------------------------------------------------------------+-----
Stealth        | 6 7 8 9 10 12 15 18 19 20 21 22 23 24 | 24.1
Short Blades   | 3 4 5 |  5.5
Fighting       | 2 3 4 5 7 8 10 11 12 13 14 15 16 17 | 17.1
Shields        | 3 4 6 8 9 11 13 15 | 15.2
Long Blades    | 3 7 10 11 12 14 15 | 15.7
Dodging        | 2 5 7 9 11 12 13 14 15 16 17 | 17.4
Spellcasting   | 1 4 5 7 8 |  8.2
Throwing       | 2 3 5 7 8 10 11 12 | 12.8
Armour         | 1 4 7 9 10 11 12 13 | 13.9
Hexes          | 6 10 11 12 13 | 13.4
Evocations     | 2 6 8 9 10 11 | 11.0

Action                   |  1- 3 |  4- 6 |  7- 9 | 10-12 | 13-15 | 16-18 | 19-21 | 22-24 | 25-27 || total
-------------------------+-------+-------+-------+-------+-------+-------+-------+-------+-------++-------
Melee: Dagger            |    44 |   227 |    19 |       |       |       |       |       |       ||   290
       Bite              |     2 |    18 |    26 |    59 |   123 |   185 |   259 |   236 |    19 ||   927
       Double sword      |       |       |   199 |   506 |  1223 |  1464 |  1878 |  1795 |   110 ||  7175
       Headbutt          |       |       |       |       |       |       |       |   227 |    33 ||   260
Throw: Dart              |     9 |    23 |    17 |       |     9 |       |       |     6 |       ||    64
       Boomerang         |       |    17 |     6 |     3 |     1 |       |       |       |       ||    27
       Javelin           |       |       |       |       |       |    40 |     1 |   115 |    33 ||   189
       Throwing net      |       |       |       |       |       |       |       |     6 |       ||     6
 Cast: Poisonous Vapours |       |       |       |     3 |     6 |       |       |       |       ||     9
       Tukima's Dance    |       |       |       |       |       |    14 |       |       |       ||    14
       Invisibility      |       |       |       |       |       |     1 |       |       |       ||     1
Invok: Potion Petition   |       |     1 |       |       |     1 |     2 |     1 |     5 |     1 ||    11
       Call Merchant     |       |       |       |       |       |       |     3 |     2 |       ||     5
 Abil: Exsanguinate      |     1 |       |       |       |       |       |       |       |       ||     1
       End Transformatio |       |     1 |       |       |       |     1 |       |       |       ||     2
       Bat Form          |       |     1 |       |       |       |     1 |       |       |       ||     2
       Evoke Invisibilit |       |       |       |       |       |       |     5 |       |       ||     5
Evoke: Wand              |       |       |       |     3 |    17 |    35 |     7 |     3 |       ||    65
       Lamp of fire      |       |       |       |       |     2 |     2 |     3 |     5 |     2 ||    14
       Phial of floods   |       |       |       |       |       |     1 |       |       |       ||     1
       Phantom mirror    |       |       |       |       |       |       |       |     1 |       ||     1
  Use: Potion            |       |     5 |       |     5 |     4 |    10 |     3 |     8 |       ||    35
       Scroll            |       |    12 |    11 |     9 |     4 |    18 |     5 |    15 |       ||    74
 Stab: Sleeping          |    17 |    16 |    18 |    40 |    55 |    64 |    63 |    61 |       ||   334
       Distracted        |       |     4 |     1 |    10 |    20 |    25 |    34 |    34 |     3 ||   131
       Invisible         |       |     1 |       |     1 |       |     9 |    19 |     1 |       ||    31
       Confused          |       |       |       |       |     7 |       |       |     2 |       ||     9
       Petrifying        |       |       |       |       |       |     1 |       |       |       ||     1
       Held in net/web   |       |       |       |       |       |       |       |     2 |       ||     2
Armor: Robe              |     7 |    34 |    15 |    51 |    29 |       |       |       |       ||   136
       Storm dragon scal |       |       |       |       |   174 |       |       |       |       ||   174
       Ring mail         |       |       |       |       |    46 |    73 |       |       |       ||   119
       Shadow dragon sca |       |       |       |       |       |   410 |   384 |   563 |    11 ||  1368
Dodge: Dodged            |    19 |   126 |   105 |   276 |   388 |   634 |   729 |   733 |    25 ||  3035
Block: Buckler           |       |     6 |    47 |   138 |   133 |       |       |       |       ||   324
       Shield            |       |       |       |       |   294 |  1022 |  1092 |  1077 |    42 ||  3527
       Reflection        |       |       |       |       |    24 |   123 |    67 |    30 |     2 ||   246
       Rpst.: Double sword |       |       |    25 |    77 |    89 |   109 |   140 |   123 |     4 ||   567

Table legend:
 A = Non-vault XP
 B = Vault XP
 C = Vault XP percentage of total XP
 D = Non-vault monster count
 E = Vault monster count
 F = Vault count percentage of total count
                 A         B        C        D         E       F
            +---------+---------+-------+---------+---------+-------
      Total |  636183 |  556348 |  46.7 |    1364 |     766 |  36.0
            +---------+---------+-------+---------+---------+-------
        D:1 |      20 |       8 |  28.6 |      13 |       4 |  23.5
        D:2 |     146 |       0 |   0.0 |      22 |       0 |   0.0
        D:3 |     299 |       0 |   0.0 |      31 |       0 |   0.0
        D:4 |     252 |       0 |   0.0 |      13 |       0 |   0.0
        D:5 |     411 |       1 |   0.2 |      16 |       1 |   5.9
        D:6 |     989 |     826 |  45.5 |      20 |      12 |  37.5
        D:7 |     517 |    1712 |  76.8 |      15 |       6 |  28.6
        D:8 |    1127 |       0 |   0.0 |      17 |       0 |   0.0
        D:9 |     748 |    1010 |  57.5 |      15 |      10 |  40.0
       D:10 |    2993 |    1560 |  34.3 |      24 |       4 |  14.3
       D:11 |    1626 |    3296 |  67.0 |      16 |      11 |  40.7
       D:12 |    2667 |    8911 |  77.0 |      21 |      29 |  58.0
       D:13 |    7137 |    1918 |  21.2 |      30 |       3 |   9.1
       D:14 |   17075 |    2413 |  12.4 |      60 |       1 |   1.6
       D:15 |   26353 |   10746 |  29.0 |      47 |      15 |  24.2
     Lair:1 |    4695 |       0 |   0.0 |      21 |       0 |   0.0
     Lair:2 |    5420 |    3666 |  40.3 |      22 |       9 |  29.0
     Lair:3 |    5704 |    2628 |  31.5 |      26 |      17 |  39.5
     Lair:4 |    6292 |    1039 |  14.2 |      22 |       5 |  18.5
     Lair:5 |    4335 |       0 |   0.0 |      25 |       0 |   0.0
     Lair:6 |    8879 |   10280 |  53.7 |      32 |      24 |  42.9
   Shoals:1 |   20461 |    3494 |  14.6 |      35 |       7 |  16.7
   Shoals:2 |   16796 |    2301 |  12.0 |      31 |       9 |  22.5
   Shoals:3 |   25050 |   10465 |  29.5 |      46 |       8 |  14.8
   Shoals:4 |   23290 |   21611 |  48.1 |      39 |      34 |  46.6
    Snake:1 |   21897 |       0 |   0.0 |      44 |       0 |   0.0
    Snake:2 |   11863 |       0 |   0.0 |      20 |       0 |   0.0
    Snake:3 |   15922 |    1537 |   8.8 |      30 |       1 |   3.2
    Snake:4 |   25050 |   26990 |  51.9 |      43 |      41 |  48.8
      Orc:1 |    2135 |       0 |   0.0 |      32 |       0 |   0.0
      Orc:2 |    3441 |    5847 |  63.0 |      44 |      39 |  47.0
   Vaults:1 |   34568 |   29788 |  46.3 |      61 |      41 |  40.2
   Vaults:2 |   54182 |   28003 |  34.1 |      88 |      27 |  23.5
   Vaults:3 |   44617 |   24687 |  35.6 |      65 |      36 |  35.6
   Vaults:4 |   39033 |   28834 |  42.5 |      64 |      57 |  47.1
   Vaults:5 |   20934 |   74438 |  78.1 |      24 |      49 |  67.1
   Depths:1 |   39348 |    8116 |  17.1 |      53 |       7 |  11.7
   Depths:2 |   20291 |   76690 |  79.1 |      21 |      83 |  79.8
   Depths:3 |   40580 |   46564 |  53.4 |      50 |      44 |  46.8
   Depths:4 |   32860 |   63220 |  65.8 |      31 |      36 |  53.7
   Depths:5 |   45395 |   36256 |  44.4 |      33 |      34 |  50.7
    Abyss:2 |     785 |       0 |   0.0 |       2 |       0 |   0.0
      IceCv |       0 |   13661 | 100.0 |       0 |      49 | 100.0
    Volcano |       0 |    3832 | 100.0 |       0 |      13 | 100.0
            +---------+---------+-------+---------+---------+-------
